 Dungeon Crawl Stone Soup version 0.21-a0-633-g4c047d5 (webtiles) character file.

2623 zxkuqyb the Protected (level 9, 0/81 HPs)
             Began as a Minotaur Berserker on Dec 28, 2017.
             Was an Elder of Trog.
             Slain by an ogre
             ... wielding a +0 giant club
              (11 damage)
             ... on level 7 of the Dungeon.
             The game lasted 00:19:05 (6412 turns).

zxkuqyb the Protected (Minotaur Berserker)          Turns: 6412, Time: 00:19:17

Health: 0/81       AC: 11    Str: 25    XL:     9   Next: 34%
Magic:  8/8        EV: 10    Int:  4    God:    Trog [****..]
Gold:   530        SH:  0    Dex: 10    Spells: 8/8 levels left

rFire    . . .     SeeInvis .   a - +0 hand axe
rCold    + . .     Gourm    .   (no shield)
rNeg     . . .     Faith    .   o - +0 chain mail
rPois    .         Spirit   .   (helmet restricted)
rElec    .         Reflect  .   (no cloak)
rCorr    .         Harm     .   (no gloves)
MR       +....                  (no boots)
Stlth    ..........             (no amulet)
HPRegen  0.23/turn              E - ring of protection from magic
MPRegen  0.11/turn              m - ring of protection from cold

@: liquid flames, glowing, heavily drained
A: retaliatory headbutt, horns 2
a: Berserk, Trog's Hand, Brothers in Arms, Burn Spellbooks, Renounce Religion


You were on level 7 of the Dungeon.
You worshipped Trog.
Trog was greatly pleased with you.
You were not hungry.

You visited 2 branches of the dungeon, and saw 8 of its levels.

You collected 530 gold pieces.

Inventory:

Hand Weapons
 a - a +0 hand axe (weapon)
 p - a +0 war axe
 w - a +3 falchion
 A - a +3 dire flail of protection
 F - a +5 great sword of freezing
Missiles
 r - 5 javelins (quivered)
Armour
 b - a +0 animal skin
 g - a +0 ring mail
 o - a +0 chain mail (worn)
 H - the +3 leather armour "Vosex" {*Drain rElec rF+}
   (You found it on level 7 of the Dungeon)

   It protects you from fire.
   It insulates you from electricity.
   It causes draining when unequipped.
Jewellery
 m - a ring of protection from cold (right hand)
 E - a ring of protection from magic (left hand)
Wands
 n - a wand of polymorph (19)
 q - a wand of digging (15)
 B - a wand of clouds (4)
 D - a wand of acid (5)
Scrolls
 d - a scroll of magic mapping
 e - 4 scrolls of teleportation
 f - a scroll of fear
 h - 4 scrolls of remove curse
 l - a scroll of enchant armour
 u - a scroll of immolation
 v - a scroll of noise
 y - 2 scrolls of enchant weapon
Potions
 i - 4 potions of curing
 j - a potion of experience {unknown}
 k - 2 potions of agility
 s - 2 potions of haste
 t - 2 potions of berserk rage
 x - 2 potions of heal wounds
 z - 2 potions of mutation
 G - a potion of might
Comestibles
 c - 12 rations
 C - a chunk of flesh


   Skills:
 + Level 7.8(6.3) Fighting
 + Level 7.7(6.2) Axes
 * Level 9.9(8.3) Armour
 + Level 6.6(5.1) Dodging


You had 8 spell levels left.
You didn't know any spells.

Dungeon Overview and Level Annotations

Branches:
Dungeon (7/15)             Temple (1/1) D:4

Altars:
Ashenzari
Cheibriados
Dithmenos
Elyvilon
Fedhas
Hepliaklqana
Kikubaaqudgha
Makhleb
Okawaru
Qazlal
Ru
Trog
Vehumet
Wu Jian
Xom
Zin
The Shining One

Shops:
D:7 (


Innate Abilities, Weirdness & Mutations

You reflexively headbutt those who attack you in melee.
You have a pair of horns on your head.


Message History

Found 18 stones.
There is an open door here.
You see here 18 stones.
An ogre comes into view. It is wielding a giant club.
The ogre shouts!
You hear a shout!
Found a scroll of teleportation.
A deep elf mage comes into view. It is wielding a short sword.
The deep elf mage shouts!
The deep elf mage points at you and mumbles some strange words.
The sticky flame hits you!
You are covered in liquid flames!
Found a scroll of enchant weapon and a coiled copper ring.
You slash the ogre!
The ogre is heavily wounded.
You are covered in liquid flames!
The deep elf mage gestures at you while chanting.
The bolt of fire hits you!
* * * LOW HITPOINT WARNING * * *
The ogre hits you with a giant club!
You die...

.###..# ......#
......# ......##
....^..############
######............##
##...)............##
#..######..######..#
#.##....####?.O@##.#
#.#.###..##?##.#.#.#
#.#.#.##.# #e.#.#.#
#.#.##.#.# ..###.#.#
#.#.#.##.##=##.#.#.#
#.##...######(#.##.#
#..###'# #'###..#
###.....######......#
##.....##8[.8##.#...#


You could see a deep elf mage and an ogre.

Vanquished Creatures
  A two-headed ogre (D:5)
  A yak (D:7)
  Menkaure (D:5)
  Edmund (D:6)
  An ice beast (D:7)
  A sky beast (D:5)
  2 ogres (D:7)
  A centaur (D:7)
  2 bullfrogs (D:7)
  A crimson imp (D:6)
  2 bullfrog zombies (D:5)
  2 centaur skeletons
  A centaur zombie (D:7)
  3 bullfrog skeletons
  A gnoll shaman (D:7)
  A jelly (D:5)
  An orc priest (D:3)
  4 hounds
  2 iguanas
  2 orc wizards
  8 worker ants
  A killer bee zombie (D:7)
  A hound zombie (D:5)
  A hound skeleton (D:5)
  A mummy (D:7)
  A howler monkey zombie (D:5)
  A worker ant zombie (D:5)
  5 gnolls (D:7)
  8 adders
  2 shadow imps
  An adder zombie (D:6)
  2 adder skeletons
  A worm (D:2)
  A dart slug (D:2)
  2 leopard geckos (D:2)
  15 orcs
  2 ball pythons (D:1)
  6 giant cockroaches
  8 hobgoblins
  4 jackals (D:4)
  A quokka (D:2)
  4 bats (D:1)
  7 frilled lizards
  3 goblins
  3 kobolds
  2 leopard gecko skeletons
  2 quokka skeletons (D:5)
  6 rats
130 creatures vanquished.

Notes
Turn   | Place    | Note
-------+----------+-------------------------------------------
     0 | D:1      | zxkuqyb the Minotaur Berserker began the quest for the Orb.
     0 | D:1      | Reached XP level 1. HP: 19/19 MP: 0/0
   241 | D:1      | Reached XP level 2. HP: 27/27 MP: 1/1
   249 | D:1      | Reached skill level 3 in Armour
   596 | D:2      | Reached XP level 3. HP: 20/33 MP: 2/2
   790 | D:2      | Found a faded altar of an unknown god.
   853 | D:2      | Reached ** piety under Trog
  1522 | D:3      | Reached skill level 4 in Armour
  1522 | D:3      | Reached XP level 4. HP: 12/40 MP: 3/3
  2243 | D:3      | Found a white marble altar of Elyvilon.
  2420 | D:4      | Reached XP level 5. HP: 41/47 MP: 4/4
  2756 | D:4      | Found a staircase to the Ecumenical Temple.
  2766 | Temple   | Entered the Ecumenical Temple
  3236 | D:5      | Entered Level 5 of the Dungeon
  3278 | D:5      | Reached skill level 5 in Armour
  3298 | D:5      | Reached XP level 6. HP: 53/55 MP: 5/5
  3312 | D:5      | Noticed a two-headed ogre
  3321 | D:5      | Killed a two-headed ogre
  3321 | D:5      | Reached skill level 7 in Armour
  3321 | D:5      | Reached XP level 7. HP: 24/63 MP: 6/6
  3635 | D:5      | Reached *** piety under Trog
  3655 | D:5      | Reached skill level 5 in Dodging
  3655 | D:5      | Reached XP level 8. HP: 70/70 MP: 7/7
  3666 | D:5      | Noticed Menkaure
  3683 | D:5      | HP: 5/105 [??? (2)]
  3684 | D:5      | Killed Menkaure
  4061 | D:5      | Reached skill level 8 in Armour
  4922 | D:6      | Noticed Edmund
  4950 | D:6      | Killed Edmund
  5715 | D:7      | Reached skill level 9 in Armour
  5796 | D:7      | Found a large runed door.
  5796 | D:7      | Found a large runed door.
  5814 | D:7      | Reached XP level 9. HP: 79/79 MP: 8/8
  5821 | D:7      | Reached **** piety under Trog
  5886 | D:7      | Found a large runed door.
  5886 | D:7      | Found a large runed door.
  5967 | D:7      | Found a snail-covered altar of Cheibriados.
  6110 | D:7      | Found Udou's Weapon Shoppe.
  6276 | D:7      | Got a crude leather armour
  6289 | D:7      | Identified the +3 leather armour "Vosex" {*Drain rElec rF+} (You found it on level 7 of the Dungeon)
  6411 | D:7      | Noticed a deep elf mage
  6412 | D:7      | Slain by an ogre

Vault maps used:
D:1:      shiori_arrival_oz, minmay_domino_4
D:2:      chequers_ecumenical_altar_twisty
D:3:      overflow_temple_1_default
D:4:      minmay_temple_entry_glassed_door, first_ration, kennysheep_potato
D:5:      grunt_decor_fettered, serial_park_tiny_pond, uniq_menkaure
D:6:      uniq_edmund
D:7:      slow_altar_1, serial_shops, shop, minmay_hollow_rounded_squares
Temple:   minmay_freezing_vapour_temple

Skill      XL: |  1  2  3  4  5  6  7  8 |
---------------+-------------------------+-----
Armour         | 3 4 5 7 9 |  9.9
Fighting       | 4 6 7 |  7.8
Axes           | 4 6 7 |  7.7
Dodging        | 3 4 5 6 |  6.6

Action                   |  1- 3 |  4- 6 |  7- 9 || total
-------------------------+-------+-------+-------++-------
Melee: Hand axe          |    78 |    88 |   236 ||   402
       Headbutt          |    11 |    12 |    51 ||    74
Throw: Javelin           |       |       |     8 ||     8
Invok: Berserk           |     1 |     1 |     3 ||     5
       Burn Spellbooks   |       |       |     1 ||     1
Evoke: Wand              |       |       |     1 ||     1
  Use: Scroll            |       |       |    15 ||    15
  Eat: Chunk             |     1 |     7 |    11 ||    19
       Ration            |       |       |     1 ||     1
Armor: Ring mail         |    20 |     8 |       ||    28
       Chain mail        |       |    29 |    90 ||   119
       Leather armour    |       |       |     1 ||     1
Dodge: Dodged            |    56 |    51 |   100 ||   207

Table legend:
 A = Spawn XP
 B = Non-spawn XP
 C = Spawn XP percentage of total XP
 D = Spawn monster count
 E = Non-spawn monster count
 F = Spawn count percentage of total count
 G = Total turns spent on level
                    A         B        C        D         E        F      G
               +---------+---------+-------+---------+---------+-------+---------
         Total |       0 |    3748 |   0.0 |       0 |     130 |   0.0 |  6412
               +---------+---------+-------+---------+---------+-------+---------
           D:1 |       0 |      32 |   0.0 |       0 |      22 |   0.0 |   584
           D:2 |       0 |      40 |   0.0 |       0 |      13 |   0.0 |   695
           D:3 |       0 |      87 |   0.0 |       0 |      13 |   0.0 |  1028
           D:4 |       0 |     170 |   0.0 |       0 |      13 |   0.0 |   927
           D:5 |       0 |    1647 |   0.0 |       0 |      27 |   0.0 |  1179
           D:6 |       0 |     360 |   0.0 |       0 |      11 |   0.0 |  1138
           D:7 |       0 |    1412 |   0.0 |       0 |      31 |   0.0 |   859
               +---------+---------+-------+---------+---------+-------+---------
